| TOP OF THE 1ST |
|
Kingsport Cherokees batting - Pitching for Marion Mets : RHP John Burkett
|
|
Pitching: RHP John Burkett
|
|
|
Batting: SHB Terrence Derby
|
0-0: Called Strike 0-1: Ground out U3 (Groundball, 3, EV 86.9 MPH)
|
|
Batting: RHB Joseph Kramer
|
0-0: Ball 1-0: Foul Ball, location: 2F 1-1: Ball 2-1: Ball 3-1: Base on Balls
|
|
Batting: LHB Ronald Davis
|
0-0: Ball 1-0: Ball 2-0: Swinging Strike 2-1: Ball 3-1: Grounds into double play, 4-6-3 (Groundball, 34D, EV 81.9 MPH)
|
| Top of the 1st over - 0 runs, 0 hits, 0 errors, 0 left on base; Kingsport 0 - Marion 0 |
| BOTTOM OF THE 1ST |
|
Marion Mets batting - Pitching for Kingsport Cherokees : RHP Ivan Vasquez
|
|
Pitching: RHP Ivan Vasquez
|
|
|
Batting: LHB Ricky de la Cruz
|
0-0: Foul Ball, location: 2F 0-1: Ball 1-1: Ball 2-1: Foul Ball, location: 2F 2-2: SINGLE (Groundball, 34D, EV 102.5 MPH)
|
|
Batting: LHB Jeff Schulz
|
0-0: Called Strike 0-1: Swinging Strike 0-2: Ball 1-2: Grounds into double play, 4-6-3 (Groundball, 4, EV 78.8 MPH)
|
|
Batting: RHB Rey Quinones
|
0-0: Called Strike 0-1: Ball 1-1: Ball 2-1: Ground out 6-3 (Groundball, 6, EV 82.5 MPH)
|
| Bottom of the 1st over - 0 runs, 1 hit, 0 errors, 0 left on base; Kingsport 0 - Marion 0 |
| TOP OF THE 2ND |
|
Kingsport Cherokees batting - Pitching for Marion Mets : RHP John Burkett
|
|
Batting: RHB James Hudson
|
0-0: Called Strike 0-1: Ball 1-1: SINGLE (Line Drive, 8RS, EV 109.4 MPH)
|
|
Batting: LHB Peter Camelo
|
0-0: Ball 1-0: Foul Ball, location: 2F 1-1: Ball 2-1: Foul Ball, location: 2F 2-2: Ball 3-2: Foul Ball, location: 2F 3-2: Base on Balls James Hudson to second
|
|
Batting: RHB Timothy Smith
|
0-0: Ball 1-0: Swinging Strike 1-1: SINGLE (Line Drive, 78S, EV 91.9 MPH) James Hudson to third Peter Camelo to second Runner from 3rd tries for Home, SAFE, throw by LF to home Peter Camelo to third Timothy Smith to second
|
|
Batting: RHB Bob Berry
|
0-0: Fly out, F5 (Popup, 5SF, EV 69.4 MPH)
|
|
Batting: RHB Thomas Bocock
|
0-0: DOUBLE (Flyball, 89XD, EV 107.5 MPH) Peter Camelo scores Timothy Smith scores
|
|
Batting: RHB Jose Sanchez
|
0-0: SINGLE (Groundball, 6M, EV 104.4 MPH) (infield hit) Thomas Bocock to third
|
|
Batting: SHB Terrence Derby
|
0-0: Foul Ball, location: 2F 0-1: Foul Ball, location: 2F 0-2: Foul Ball, location: 2F 0-2: Ball 1-2: Ball 2-2: Ball 3-2: Base on Balls Jose Sanchez to second
|
|
Batting: RHB Joseph Kramer
|
0-0: Ball 1-0: Ball 2-0: Ball 3-0: Base on Balls Thomas Bocock scores Jose Sanchez to third Terrence Derby to second
|
|
Batting: LHB Ronald Davis
|
0-0: Foul Ball, location: 2F 0-1: Ball 1-1: Foul Ball, location: 2F 1-2: Ball 2-2: Foul Ball, location: 2F 2-2: DOUBLE (Flyball, 89XD, EV 98.1 MPH) Jose Sanchez scores Terrence Derby scores Joseph Kramer to third Runner from 3rd tries for Home, SAFE, throw by CF to trailing runner, SAFE at third!
|
|
Pitching: RHP Jose Vargas
|
|
|
Batting: RHB James Hudson
|
0-0: Swinging Strike 0-1: Ball 1-1: DOUBLE (Flyball, 8LXD, EV 89.4 MPH) Ronald Davis scores
|
|
Batting: LHB Peter Camelo
|
0-0: Ball 1-0: Ball 2-0: Called Strike 2-1: Ball 3-1: Base on Balls
|
|
Batting: RHB Timothy Smith
|
0-0: Ball 1-0: 3-RUN HOME RUN (Line Drive, 78XD, EV 93.8 MPH), Distance : 408 ft
|
|
Batting: RHB Bob Berry
|
0-0: Fly out, F7 (Flyball, 78D, EV 77.5 MPH)
|
|
Batting: RHB Thomas Bocock
|
0-0: Ball 1-0: Called Strike 1-1: Ball 2-1: Swinging Strike 2-2: Strikes out swinging
|
| Top of the 2nd over - 11 runs, 7 hits, 0 errors, 0 left on base; Kingsport 11 - Marion 0 |
| BOTTOM OF THE 2ND |
|
Marion Mets batting - Pitching for Kingsport Cherokees : RHP Ivan Vasquez
|
|
Batting: LHB Christopher Chapman
|
0-0: Called Strike 0-1: SINGLE (Flyball, 6D, EV 92.5 MPH)
|
|
Batting: RHB Wayne Harrison
|
0-0: Ball 1-0: Called Strike 1-1: Foul Ball, location: 2F 1-2: Ball 2-2: Foul Ball, location: 2F 2-2: Foul Ball, location: 2F 2-2: Ball 3-2: Foul Ball, location: 2F 3-2: Foul Ball, location: 2F 3-2: Fly out, F8 (Line Drive, 8RM, EV 90.6 MPH)
|
|
Batting: LHB Lorenzo Castillo
|
0-0: Ball Wild Pitch! Christopher Chapman to second 1-0: Swinging Strike 1-1: Called Strike 1-2: Ball 2-2: Ball 3-2: Base on Balls
|
|
Batting: RHB Bob Geren
|
0-0: Called Strike 0-1: Ball 1-1: Called Strike 1-2: Fly out, F9 (Flyball, 89S, EV 90.6 MPH)
|
|
Batting: SHB Sherman Webb
|
0-0: Ball 1-0: Fielders Choice at 2nd, 5-4 (Groundball, 56, EV 91.9 MPH)
|
| Bottom of the 2nd over - 0 runs, 1 hit, 0 errors, 2 left on base; Kingsport 11 - Marion 0 |
| TOP OF THE 3RD |
|
Kingsport Cherokees batting - Pitching for Marion Mets : RHP Jose Vargas
|
|
Batting: RHB Jose Sanchez
|
0-0: Called Strike 0-1: Ball 1-1: Ball 2-1: Swinging Strike 2-2: Strikes out swinging
|
|
Batting: SHB Terrence Derby
|
0-0: Foul Ball, location: 2F 0-1: Ball 1-1: Ball 2-1: Foul Ball, location: 2F 2-2: Ground out 5-3 (Groundball, 56, EV 98.1 MPH)
|
|
Batting: RHB Joseph Kramer
|
0-0: Ball 1-0: SINGLE (Groundball, 25, EV 65.0 MPH) (infield hit)
|
|
Batting: LHB Ronald Davis
|
0-0: Called Strike 0-1: Ball 1-1: Ball 2-1: Swinging Strike 2-2: Ball 3-2: Foul Ball, location: 2F 3-2: Base on Balls Joseph Kramer to second
|
|
Batting: RHB James Hudson
|
0-0: Fly out, F8 (Flyball, 8RS, EV 83.8 MPH)
|
| Top of the 3rd over - 0 runs, 1 hit, 0 errors, 2 left on base; Kingsport 11 - Marion 0 |
| BOTTOM OF THE 3RD |
|
Marion Mets batting - Pitching for Kingsport Cherokees : RHP Ivan Vasquez
|
|
Batting: RHB Jose Maldonado
|
0-0: Ball 1-0: SINGLE (Line Drive, 7S, EV 110.0 MPH)
|
|
Batting: LHB Ricky de la Cruz
|
0-0: Swinging Strike Jose Maldonado steals 2nd base (no throw) 0-1: Ball 1-1: Ball 2-1: Foul Ball, location: 2F 2-2: Ball 3-2: Base on Balls
|
|
Batting: LHB Jeff Schulz
|
0-0: Fly out, F9 (Flyball, 89S, EV 80.0 MPH)
|
|
Batting: RHB Rey Quinones
|
0-0: Ball 1-0: SINGLE (Flyball, 8LS, EV 91.9 MPH) Jose Maldonado to third Ricky de la Cruz to second Runner from 3rd tries for Home, SAFE, throw by CF to home
|
|
Batting: LHB Christopher Chapman
|
0-0: Called Strike Ricky de la Cruz is caught stealing 3rd base 2-5 0-1: Foul Ball, location: 2F 0-2: Ball 1-2: Ball 2-2: Ball Rey Quinones steals 2nd base (no throw) 3-2: Foul Ball, location: 2F 3-2: Fly out, F8 (Flyball, 78M, EV 96.9 MPH)
|
| Bottom of the 3rd over - 1 run, 2 hits, 0 errors, 1 left on base; Kingsport 11 - Marion 1 |
| TOP OF THE 4TH |
|
Kingsport Cherokees batting - Pitching for Marion Mets : RHP Jose Vargas
|
|
Batting: LHB Peter Camelo
|
0-0: Swinging Strike 0-1: DOUBLE (Line Drive, 7LS, EV 106.3 MPH)
|
|
Batting: RHB Timothy Smith
|
0-0: Foul Ball, location: 2F 0-1: Ground out U3 (Groundball, 34, EV 98.1 MPH) Peter Camelo to third
|
|
Batting: RHB Bob Berry
|
0-0: Ball 1-0: Foul Ball, location: 2F 1-1: Swinging Strike 1-2: Strikes out looking
|
|
Batting: RHB Thomas Bocock
|
0-0: SINGLE (Line Drive, 56D, EV 98.1 MPH) Peter Camelo scores
|
|
Batting: RHB Jose Sanchez
|
0-0: Ball 1-0: Fielders Choice at 2nd, 5-4 (Groundball, 5, EV 86.3 MPH)
|
| Top of the 4th over - 1 run, 2 hits, 0 errors, 1 left on base; Kingsport 12 - Marion 1 |
| BOTTOM OF THE 4TH |
|
Marion Mets batting - Pitching for Kingsport Cherokees : RHP Ivan Vasquez
|
|
Batting: RHB Wayne Harrison
|
0-0: DOUBLE (Line Drive, 9LM, EV 111.9 MPH)
|
|
Batting: LHB Lorenzo Castillo
|
0-0: Ball 1-0: Ball 2-0: Called Strike 2-1: Foul Ball, location: 2F 2-2: Ball 3-2: Base on Balls
|
|
Batting: RHB Bob Geren
|
0-0: Ball 1-0: Called Strike 1-1: Ball 2-1: Fly out, F3 (Line Drive, 3, EV 69.4 MPH)
|
|
Batting: SHB Sherman Webb
|
0-0: SINGLE (Groundball, 6S, EV 68.1 MPH) (infield hit) Wayne Harrison to third Lorenzo Castillo to second
|
|
Batting: RHB Jose Maldonado
|
0-0: Ball 1-0: Ball 2-0: Called Strike 2-1: Foul Ball, location: 2F 2-2: Grounds into fielders choice U2 (Groundball, 2L, EV 63.8 MPH) Lorenzo Castillo to third Sherman Webb to second
|
|
Batting: LHB Ricky de la Cruz
|
0-0: Called Strike 0-1: Ball 1-1: Swinging Strike 1-2: Ball 2-2: Fly out, F4 (Popup, 13, EV 76.3 MPH)
|
| Bottom of the 4th over - 0 runs, 2 hits, 0 errors, 3 left on base; Kingsport 12 - Marion 1 |
| TOP OF THE 5TH |
|
Kingsport Cherokees batting - Pitching for Marion Mets : RHP Jose Vargas
|
|
Batting: SHB Terrence Derby
|
0-0: Ball 1-0: Ball 2-0: Called Strike 2-1: SINGLE (Line Drive, 6MD, EV 106.9 MPH)
|
|
Batting: RHB Joseph Kramer
|
0-0: Swinging Strike 0-1: SINGLE (Line Drive, 4MD, EV 96.9 MPH) Terrence Derby to second
|
|
Batting: LHB Ronald Davis
|
0-0: Ball 1-0: Ball 2-0: Ball 3-0: Called Strike 3-1: Called Strike 3-2: Strikes out swinging Terrence Derby is caught stealing 3rd base 2-5 Batter strikes out. Joseph Kramer to second
|
|
Batting: RHB James Hudson
|
0-0: Ball 1-0: Swinging Strike 1-1: Fly out, F7 (Line Drive, 7, EV 90.0 MPH)
|
| Top of the 5th over - 0 runs, 2 hits, 0 errors, 1 left on base; Kingsport 12 - Marion 1 |
| BOTTOM OF THE 5TH |
|
Marion Mets batting - Pitching for Kingsport Cherokees : RHP Ivan Vasquez
|
|
Batting: LHB Jeff Schulz
|
0-0: Ball 1-0: Ball 2-0: Ball 3-0: Base on Balls
|
|
Batting: RHB Rey Quinones
|
0-0: Ball 1-0: Ball 2-0: Fielders Choice at 2nd, 6-4 (Groundball, 56D, EV 110.0 MPH)
|
|
Batting: LHB Christopher Chapman
|
0-0: Ball 1-0: Called Strike 1-1: Ball 2-1: Swinging Strike 2-2: Foul Ball, location: 2F 2-2: Strikes out looking
|
|
Batting: RHB Wayne Harrison
|
0-0: Swinging Strike 0-1: Ball 1-1: Ball 2-1: Ball 3-1: Called Strike 3-2: Base on Balls Rey Quinones to second
|
|
Batting: LHB Lorenzo Castillo
|
0-0: Ball 1-0: Swinging Strike 1-1: Swinging Strike 1-2: Ball 2-2: Ground out 3-1 (Groundball, 34, EV 106.9 MPH)
|
| Bottom of the 5th over - 0 runs, 0 hits, 0 errors, 2 left on base; Kingsport 12 - Marion 1 |
| TOP OF THE 6TH |
|
Kingsport Cherokees batting - Pitching for Marion Mets : RHP Jose Vargas
|
|
Batting: LHB Peter Camelo
|
0-0: Ball 1-0: Foul Ball, location: 2F 1-1: Ball 2-1: Ball 3-1: Ground out 4-3 (Groundball, 34, EV 82.5 MPH)
|
|
Batting: RHB Timothy Smith
|
0-0: Ball 1-0: Ball 2-0: Foul Ball, location: 2F 2-1: Called Strike 2-2: DOUBLE (Line Drive, 8LD, EV 93.8 MPH)
|
|
Batting: RHB Bob Berry
|
0-0: Ball 1-0: SINGLE (Groundball, 56S, EV 69.4 MPH) (infield hit) Timothy Smith to third
|
|
Batting: RHB Thomas Bocock
|
0-0: Fielders Choice at 2nd, 1-4 (Groundball, 15S, EV 71.9 MPH)
|
|
Batting: RHB Jose Sanchez
|
0-0: Swinging Strike 0-1: Fly out, F8 (Line Drive, 8LD, EV 96.9 MPH)
|
| Top of the 6th over - 0 runs, 2 hits, 0 errors, 2 left on base; Kingsport 12 - Marion 1 |
| BOTTOM OF THE 6TH |
|
Marion Mets batting - Pitching for Kingsport Cherokees : RHP Ivan Vasquez
|
|
Batting: RHB Bob Geren
|
0-0: Ball 1-0: Ball 2-0: Called Strike 2-1: Fly out, F8 (Flyball, 8LS, EV 96.3 MPH)
|
|
Batting: SHB Sherman Webb
|
0-0: Called Strike 0-1: Ground out 4-3 (Groundball, 4MS, EV 76.9 MPH)
|
|
Batting: RHB Jose Maldonado
|
0-0: Ball 1-0: Called Strike 1-1: Ball 2-1: Called Strike 2-2: Foul Ball, location: 2F 2-2: Foul Ball, location: 2F 2-2: Foul Ball, location: 2F 2-2: Ball 3-2: Base on Balls
|
|
Pitching: RHP Ron Richardson
|
|
|
Batting: LHB Ricky de la Cruz
|
0-0: Called Strike 0-1: SINGLE (Groundball, 3S, EV 63.1 MPH) (infield hit) Jose Maldonado to second
|
|
Batting: LHB Jeff Schulz
|
0-0: Called Strike 0-1: Foul Ball, location: 2F 0-2: Foul Ball, location: 2F 0-2: Ball 1-2: SINGLE (Flyball, 89S, EV 90.0 MPH) Jose Maldonado to third Ricky de la Cruz to second Runner from 3rd tries for Home, SAFE, throw by RF to home
|
|
Batting: RHB Rey Quinones
|
0-0: Ball 1-0: Ball 2-0: Ground out 5-3 (Groundball, 56, EV 88.8 MPH)
|
| Bottom of the 6th over - 1 run, 2 hits, 0 errors, 2 left on base; Kingsport 12 - Marion 2 |
| TOP OF THE 7TH |
|
Kingsport Cherokees batting - Pitching for Marion Mets : RHP Jose Vargas
|
|
Pinch Hitting: RHB Larry Simcox
|
0-0: Foul Ball, location: 2F 0-1: Foul Ball, location: 2F 0-2: Strikes out swinging
|
|
Pinch Hitting: SHB Ramon Clases
|
0-0: Ball 1-0: Swinging Strike 1-1: Foul Ball, location: 2F 1-2: Foul Ball, location: 2F 1-2: Strikes out swinging
|
|
Pinch Hitting: RHB Phil Lansford
|
0-0: Ball 1-0: Called Strike 1-1: SINGLE (Line Drive, 89M, EV 102.5 MPH)
|
|
Batting: RHB James Hudson
|
0-0: Called Strike 0-1: Ground out U3 (Groundball, 3, EV 81.9 MPH)
|
| Top of the 7th over - 0 runs, 1 hit, 0 errors, 1 left on base; Kingsport 12 - Marion 2 |
| BOTTOM OF THE 7TH |
|
Marion Mets batting - Pitching for Kingsport Cherokees : RHP Ron Richardson
|
|
Now at 3B: Phil Lansford
|
|
|
Now at SS: Larry Simcox
|
|
|
Now in CF: Ramon Clases
|
|
|
Batting: LHB Christopher Chapman
|
0-0: Ball 1-0: Ball 2-0: Called Strike 2-1: Ball 3-1: Base on Balls
|
|
Pinch Hitting: RHB Juan Martinez
|
0-0: Fly out, F1 (Line Drive, P, EV 60.0 MPH)
|
|
Batting: LHB Lorenzo Castillo
|
0-0: Fly out, F9 (Flyball, 9LS, EV 86.3 MPH)
|
|
Batting: RHB Bob Geren
|
0-0: Called Strike 0-1: Swinging Strike 0-2: Ball 1-2: Foul Ball, location: 2F 1-2: Strikes out looking
|
| Bottom of the 7th over - 0 runs, 0 hits, 0 errors, 1 left on base; Kingsport 12 - Marion 2 |
| TOP OF THE 8TH |
|
Kingsport Cherokees batting - Pitching for Marion Mets : RHP Jose Vargas
|
|
Now at 3B: Victor Madden
|
|
|
Pinch Hitting: RHB Gerardo Amador
|
0-0: Ball 1-0: Fly out, F7 (Flyball, 78D, EV 100.6 MPH)
|
|
Batting: RHB Timothy Smith
|
0-0: Ball 1-0: Ball 2-0: Fly out, F9 (Flyball, 9LD, EV 88.1 MPH)
|
|
Pinch Hitting: RHB Juan Castillo
|
0-0: Ball 1-0: Ball 2-0: Ground out 6-3 (Groundball, 56, EV 105.6 MPH)
|
| Top of the 8th over - 0 runs, 0 hits, 0 errors, 0 left on base; Kingsport 12 - Marion 2 |
| BOTTOM OF THE 8TH |
|
Marion Mets batting - Pitching for Kingsport Cherokees : RHP Ron Richardson
|
|
Now at 1B: Juan Castillo
|
|
|
Now in LF: Glenn Edwards
|
|
|
Pinch Hitting: RHB Miguel Corona
|
0-0: DOUBLE (Flyball, 8LXD, EV 96.9 MPH)
|
|
Batting: RHB Jose Maldonado
|
0-0: Ball 1-0: Fly out, F6 (Line Drive, 6, EV 69.4 MPH)
|
|
Batting: LHB Ricky de la Cruz
|
0-0: Called Strike 0-1: Ground out 4-3 (Groundball, 4D, EV 102.5 MPH) Miguel Corona to third
|
|
Batting: LHB Jeff Schulz
|
0-0: Called Strike 0-1: Ground out 6-3 (Groundball, 6, EV 76.3 MPH)
|
| Bottom of the 8th over - 0 runs, 1 hit, 0 errors, 1 left on base; Kingsport 12 - Marion 2 |
| TOP OF THE 9TH |
|
Kingsport Cherokees batting - Pitching for Marion Mets : RHP Jose Vargas
|
|
Now at 2B: Miguel Corona
|
|
|
Pinch Hitting: RHB Phillip Collins
|
0-0: Fly out, F4 (Popup, 34D, EV 58.1 MPH)
|
|
Pitching: RHP Guillermo Valenzuela
|
|
|
Batting: RHB Jose Sanchez
|
0-0: Called Strike 0-1: Fly out, F7 (Flyball, 7, EV 80.6 MPH)
|
|
Pinch Hitting: RHB Kenneth Grant
|
0-0: Called Strike 0-1: Ball 1-1: Swinging Strike 1-2: Ball 2-2: Ball 3-2: Ground out 3-1 (Groundball, 34S, EV 90.0 MPH)
|
| Top of the 9th over - 0 runs, 0 hits, 0 errors, 0 left on base; Kingsport 12 - Marion 2 |
| BOTTOM OF THE 9TH |
|
Marion Mets batting - Pitching for Kingsport Cherokees : RHP Ron Richardson
|
|
Now at 1B: Kenneth Grant
|
|
|
Now at 2B: Phillip Collins
|
|
|
Batting: RHB Rey Quinones
|
0-0: Called Strike 0-1: Foul Ball, location: 2F 0-2: Ball 1-2: Strikes out swinging
|
|
Batting: LHB Christopher Chapman
|
0-0: Called Strike 0-1: Ball 1-1: Ball 2-1: Ball 3-1: Base on Balls
|
|
Batting: LHB Victor Madden
|
0-0: Ball 1-0: Ball 2-0: Called Strike 2-1: 2-RUN HOME RUN (Flyball, 9D, EV 105.6 MPH), Distance : 358 ft
|
|
Batting: LHB Lorenzo Castillo
|
0-0: Swinging Strike 0-1: Ball 1-1: Fly out, F4 (Popup, 23, EV 84.4 MPH)
|
|
Batting: RHB Bob Geren
|
0-0: Called Strike 0-1: Ball 1-1: Ball 2-1: Called Strike 2-2: Ball 3-2: Foul Ball, location: 2F 3-2: Strikes out swinging
|
| Bottom of the 9th over - 2 runs, 1 hit, 0 errors, 0 left on base; Kingsport 12 - Marion 4 |
|